 Dungeon Crawl Stone Soup version 0.29-a0-419-g77450f2105 (webtiles) character file.

Game seed: 5156728316709301938

1305 KhasaRR the Grappler (level 8, 0/75 HPs)
             Began as a Troll Berserker on May 18, 2022.
             Was a Believer of Trog.
             Slain by a gnoll
             ... wielding a +0 flail
              (1 damage)
             ... on level 4 of the Dungeon.
             The game lasted 00:09:11 (2122 turns).

KhasaRR the Grappler (Troll Berserker)              Turns: 2122, Time: 00:09:12

Health: 0/75       AC:  4    Str: 34    XL:     8   Next: 31%
Magic:  7/7        EV:  9    Int:  3    God:    Trog [**....]
Gold:   111        SH:  0    Dex:  9    Spells: 7/7 levels left

rFire   . . .      SeeInvis .     - Unarmed
rCold   . . .      Faith    .   r - +0 kite shield
rNeg    . . .      Spirit   .   a - +0 animal skin
rPois   .          Reflect  .   (helmet restricted)
rElec   .          Harm     .   (no cloak)
rCorr   .          Rampage  .   (gloves unavailable)
Will    .....                   (boots unavailable)
Stlth   +.........              (no amulet)
HPRegen 1.02/turn               g - +6 ring of strength
MPRegen 0.10/turn               m - +4 ring of evasion

@: lit by a corona, on berserk cooldown, held, glowing
A: large, unfitting armour, claws 3, regeneration 1, shaggy fur 1, tough skin 1
a: Renounce Religion, Berserk, Trog's Hand


You were on level 4 of the Dungeon.
You worshipped Trog.
Trog was pleased with you.
You visited 1 branch of the dungeon, and saw 4 of its levels.

You collected 111 gold pieces.

Inventory:

Armour
 a - a +0 animal skin (worn)
 r - a +0 kite shield (worn)
Jewellery
 g - a +6 ring of strength (left claw)
 m - a +4 ring of evasion (right claw)
Scrolls
 e - a scroll of immolation {unknown}
 f - a scroll of blinking {unknown}
 h - 2 scrolls of teleportation
 l - 2 scrolls of vulnerability {unknown}
 n - a scroll of poison {unknown}
 o - a scroll of enchant armour {unknown}
 q - a scroll of fog {unknown}
Potions
 b - a potion of degeneration {unknown}
 d - a potion of might {unknown}
 i - a potion of magic {unknown}
 k - a potion of attraction {unknown}
 p - a potion of mutation {unknown}


   Skills:
 + Level 3.4 Fighting
 * Level 3.4 Armour
 + Level 3.9 Dodging
 + Level 0.1 Shields
 + Level 8.3 Unarmed Combat


You had 7 spell levels left.
You didn't know any spells.
Your spell library was empty.

Dungeon Overview and Level Annotations

Branches:
Dungeon (4/15)
 Temple: D:4-7

Altars:


Innate Abilities, Weirdness & Mutations

You are too large for most types of armour.
You have claws for hands.
Your natural rate of healing is unusually fast.
You are covered in fur. (AC +1)
You have tough skin. (AC +1)


Message History

The gnoll barely misses you.
You feel much better.
Your surroundings suddenly seem different.
A gnoll comes into view.
It is wielding the +3 woodcutter's axe {vorpal}.
Found a whip and a hand axe.
You feel very sick.
The gnoll shouts! x2; You hear a shout! x2
You feel the effects of Trog's Hand fading.
You feel very sick.
You feel sick.
The gnoll throws a throwing net.
The throwing net hits you.
You become entangled in the net!
Things that are here:
a throwing net; a +0 whip You tear a large gash into the net.
You feel sick. The gnoll barely misses you.
You feel sick.
The gnoll hits you from afar with a +0 halberd.
The gnoll hits you with a +0 flail!
The gnoll hits you from afar with a +0 halberd!
Okay, then.
You are too injured to fight recklessly!
You are too injured to fight recklessly!
You struggle against the net.
Your skin stops crawling.
You feel less strong-willed.
You feel sick. The gnoll hits you with a +0 flail.
The gnoll hits you from afar with a +0 halberd.
* * * LOW HITPOINT WARNING * * *
The gnoll barely misses you.
You struggle against the net.
You feel yourself speed up.
You feel sick.
You are no longer poisoned.
The gnoll barely misses you.
The gnoll hits you from afar with a +0 halberd!
* * * LOW HITPOINT WARNING * * *
The gnoll hits you with the +3 woodcutter's axe {vorpal}.
* * * LOW HITPOINT WARNING * * *
x2 The gnoll hits you from afar with a +0 spear.
* * * LOW HITPOINT WARNING * * *
The gnoll hits you with a +0 flail.
You die...

....##.#######
....#..# #####.##
#...# #.### ###)#
#.).# ### .(###
###.### ### #.g@g.#
..## ♣)#.g...#.♣
#..########♣.#..gg.#.♣
##.)...>†.#♣.###g###.♣
########.# ....g...)♣
#.# ♣..♣.... #.#
♣♣)..♣.♣ #.## ♣.....♣
#..## ♣...♣


You could see a gnoll shaman and 6 gnolls.

Vanquished Creatures
  6 yaks (D:4)
  A gnoll sergeant (D:4)
  A scorpion (D:3)
  2 orc priests (D:3)
  Natasha (thrice) (D:3)
  10 gnolls
  2 adders
  2 worms
  2 dart slugs
  5 orcs
  5 ball pythons
  4 bats
  9 endoplasms
  A giant cockroach (D:1)
  8 goblins
  2 hobgoblins (D:3)
  4 quokkas
  3 frilled lizards
  2 kobolds
  4 rats
76 creatures vanquished.

Notes
Turn   | Place    | Note
-------+----------+-------------------------------------------
     0 | D:1      | KhasaRR the Troll Berserker began the quest for the Orb.
     0 | D:1      | Reached XP level 1. HP: 22/22 MP: 0/0
   226 | D:1      | Found a faded altar of an unknown god.
   244 | D:1      | Reached XP level 2. HP: 29/29 MP: 1/1
   804 | D:2      | Reached XP level 3. HP: 35/36 MP: 2/2
   876 | D:2      | Reached ** piety under Trog
  1065 | D:3      | Noticed a scorpion
  1072 | D:3      | Killed a scorpion
  1073 | D:3      | Reached skill level 1 in Armour
  1073 | D:3      | Reached skill level 4 in Unarmed Combat
  1073 | D:3      | Reached XP level 4. HP: 44/44 MP: 3/3
  1111 | D:3      | Reached XP level 5. HP: 13/52 MP: 4/4
  1268 | D:3      | Noticed Natasha
  1274 | D:3      | Killed Natasha
  1284 | D:3      | Reached skill level 5 in Unarmed Combat
  1315 | D:3      | Noticed Natasha
  1324 | D:3      | Killed Natasha
  1429 | D:3      | Reached XP level 6. HP: 61/61 MP: 5/5
  1732 | D:3      | Noticed Natasha
  1741 | D:3      | Killed Natasha
  1998 | D:4      | Noticed a yak
  1998 | D:4      | Noticed a yak
  1998 | D:4      | Noticed a yak
  1998 | D:4      | Noticed a yak
  2005 | D:4      | Killed a yak
  2006 | D:4      | Reached skill level 6 in Unarmed Combat
  2007 | D:4      | Killed a yak
  2008 | D:4      | Reached XP level 7. HP: 67/67 MP: 6/6
  2010 | D:4      | Killed a yak
  2011 | D:4      | Reached skill level 7 in Unarmed Combat
  2017 | D:4      | Killed a yak
  2018 | D:4      | Noticed a yak
  2018 | D:4      | Noticed a yak
  2022 | D:4      | Killed a yak
  2023 | D:4      | Reached XP level 8. HP: 75/75 MP: 7/7
  2028 | D:4      | Reached skill level 8 in Unarmed Combat
  2111 | D:4      | HP: 3/75 [gnoll/+0 spear (4)]
  2122 | D:4      | HP: 1/75 [gnoll/+0 spear (5)]
  2122 | D:4      | Slain by a gnoll

Illustrated notes

Levels and vault maps discovered:
D:1:      nagdon_arrival_double_spiral, layout_basic,
          dreamdust_ecumenical_altar_grove
D:2:      layout_rooms
D:3:      layout_loops_cross, kennysheep_generic_room_13, uniq_natasha
D:4:      layout_rooms, ebering_ghost_sewer_f, dreamdust_wishing_well,
          pf_guarded_unrand_woodcutter

Skill      XL: |  1  2  3  4  5  6  7  8 |
---------------+-------------------------+-----
Armour         | 1 2 3 |  3.4
Unarmed Combat | 4 5 6 7 8 |  8.3
Dodging        | 3 |  3.9
Fighting       | 3 |  3.4
Shields        | |  0.1

Action                   |  1- 3 |  4- 6 |  7- 9 || total
-------------------------+-------+-------+-------++-------
Melee: Unarmed           |    63 |    91 |    34 ||   188
       Punch             |     1 |     3 |       ||     4
Invok: Berserk           |     1 |     3 |     1 ||     5
       Trog's Hand       |       |     2 |     2 ||     4
  Use: Scroll            |       |     3 |     1 ||     4
       Potion            |       |       |     7 ||     7
 Stab: Sleeping          |     1 |       |       ||     1
Armor: Animal skin       |    15 |    26 |     2 ||    43
Dodge: Dodged            |    26 |    28 |    24 ||    78
Block: Kite shield       |       |       |    18 ||    18

Table legend: (Time is in decaauts)
 A = Elapsed time spent in this place.
 B = Non-inter-level travel time spent in this place.
 C = Inter-level travel time spent in this place.
 D = Time resting spent in this place.
 E = Time spent auto-exploring this place.
 F = Levels seen in this place.
 G = Mean time per level.
                   A        B        C        D        E       F      G
               +--------+--------+--------+--------+--------+-----+--------+
         Total |   2161 |   2081 |     80 |    170 |   1456 |   4 |  540.2 |
       Dungeon |   2161 |   2081 |     80 |    170 |   1456 |   4 |  540.2 |
               +--------+--------+--------+--------+--------+-----+--------+

Top non-repeatable levels by time:
     D:3: 858 daAuts
     D:1: 706 daAuts
     D:2: 350 daAuts
     D:4: 245 daAuts
